AoeStats
← Dud de la 205

Arena

509715231Analyzed
4v4 RM · 5d ago on Sep 27, 2026· 72m 4s· 8 players
Game mode
Random Map
Map size
Large (8 player)
Population
200
Speed
Normal
Resources
Standard
Victory
Conquest
Starting age
Dark Age
Ending age
Imperial Age
RankedLock teamsTeams togetherTeam positionsShared explorationLock speedFull tech treeHidden civsTurbo modeCheats
Victory
Defeat
🇦🇷 Cumans · Argentina
895
+14
🇺🇸 Danes · United States
875
+15
🇧🇷 Dravidians · Brazil
808
+18
🇬🇧 Varangians · United Kingdom
802
+18
🇫🇷 Franks · France
928
-53
🇫🇷 Teutons · France
860
-43
🇨🇦 Varangians · Canada
817
-15
🇫🇷 Celts · France
807
-14
Searam
2:34 Loom
10:32 Feudal Age
11:48 Double-Bit Axe
12:40 Wheelbarrow
15:34 Bloodlines
20:10 Castle Age
18:17 Stone Mining
23:45 Light Cavalry
28:08 Hand Cart
27:48 Horse Collar
32:43 Imperial Age
31:50 Padded Archer Armor
31:43 Fletching
32:04 Forging
benjiwoo
6:15 Loom
8:59 Feudal Age
9:31 Double-Bit Axe
15:48 Castle Age
14:23 Horse Collar
15:00 Gold Mining
17:58 Bow Saw
19:36 Scale Mail Armor
24:39 Pikeman
25:49 Stone Mining
27:20 Wheelbarrow
26:50 Town Watch
28:05 Town Patrol
30:02 Chain Mail Armor
29:58 Forging
30:45 Hand Cart
31:13 Ballistics
34:21 Imperial Age
33:08 Iron Casting
34:21 Caravan
35:17 Halberdier
36:19 Conscription
36:15 Elite Woad Raider
38:38 Heavy Plow
39:17 Gold Shaft Mining
39:19 Stone Shaft Mining
38:57 Capped Ram
39:44 Light Cavalry
44:43 Plate Mail Armor
45:13 Blast Furnace
44:21 Stronghold
44:46 Furor Celtica
44:04 Siege Ram
50:44 Stronghold
51:45 Scale Barding Armor
Dud de la 205
10:40 Feudal Age
11:43 Double-Bit Axe
18:26 Castle Age
22:17 Fletching
27:22 Horse Collar
30:27 Scale Barding Armor
30:18 Bodkin Arrow
31:27 Town Watch
31:33 Loom
34:46 Imperial Age
33:59 Fortified Wall
35:13 Heavy Plow
35:55 Pikeman
37:35 Crenellations
38:44 Crop Rotation
38:38 Ballistics
38:44 Cavalier
39:41 Bloodlines
43:13 Masonry
43:09 Siege Engineers
43:23 Elite Skirmisher
45:55 Town Patrol
46:30 Wheelbarrow
46:47 Scale Mail Armor
47:00 Forging
47:11 Chain Barding Armor
47:32 Halberdier
50:01 Hoardings
52:11 Hand Cart
52:11 Caravan
59:17 Chain Mail Armor
59:38 Iron Casting
59:39 Plate Barding Armor
67:28 Blast Furnace
73:00 Chemistry
Fefedv
10:39 Feudal Age
10:23 Loom
14:09 Double-Bit Axe
19:25 Castle Age
24:06 Pikeman
24:47 Squires
24:33 Arson
25:04 Husbandry
31:14 Wheelbarrow
31:03 Bow Saw
31:46 Town Watch
32:15 Scale Barding Armor
32:11 Scale Mail Armor
34:16 Hand Cart
34:13 Padded Archer Armor
38:21 Imperial Age
37:53 Ordonnance Companies
38:52 Stone Mining
38:52 Gold Mining
39:39 Coinage
39:43 Town Patrol
41:43 Cavalier
47:03 Masonry
46:34 Treadmill Crane
46:49 Murder Holes
47:05 Fortified Wall
46:46 Guard Tower
47:17 Ballistics
47:58 Chemistry
46:44 Arrowslits
47:23 Chain Barding Armor
47:19 Chain Mail Armor
52:39 Elite Skirmisher
55:27 Halberdier
ChocolateCake
10:31 Loom
12:18 Feudal Age
15:18 Wheelbarrow
15:46 Double-Bit Axe
25:05 Castle Age
24:34 Bloodlines
27:33 Scale Barding Armor
27:39 Forging
28:37 Chain Barding Armor
30:48 Gold Mining
30:48 Stone Mining
31:12 Bow Saw
30:48 Horse Collar
30:57 Town Watch
31:54 Iron Casting
32:32 Husbandry
32:40 Fletching
32:54 Padded Archer Armor
33:06 Heavy Plow
35:35 Stone Shaft Mining
35:05 Bodkin Arrow
35:14 Scale Mail Armor
35:32 Leather Archer Armor
36:52 Chain Mail Armor
40:48 Imperial Age
39:30 Hand Cart
39:16 Town Patrol
42:21 Plate Barding Armor
42:47 Blast Furnace
41:48 Bracer
41:28 Cavalier
45:17 Vendel Legacy
46:24 Conscription
45:29 Gothikon
51:58 Ring Archer Armor
51:59 Plate Mail Armor
50:55 Heavy Mounted Crossbowman
50:55 Cranequins
55:11 Murder Holes
66:35 Fortified Wall
Farraway
12:42 Feudal Age
16:17 Castle Age
14:54 Double-Bit Axe
15:25 Horse Collar
16:34 Light Cavalry
18:16 Loom
19:06 Wheelbarrow
21:08 Scale Barding Armor
21:46 Bloodlines
23:54 Husbandry
24:10 Arson
24:25 Squires
24:11 Gambesons
24:20 Fletching
34:35 Bodkin Arrow
34:42 Scale Mail Armor
34:52 Forging
42:05 Chain Mail Armor
42:25 Iron Casting
43:55 Hand Cart
43:26 Town Watch
44:48 Hamask
49:32 Imperial Age
49:50 Onager
52:17 Elite Jomsviking
53:20 Conscription
55:03 Siege Onager
61:27 Plate Mail Armor
61:57 Blast Furnace
65:52 Northmen's Fury
68:47 Northmen's Fury
AlaDerechaRey
1:02 Loom
11:22 Feudal Age
11:53 Double-Bit Axe
13:28 Wheelbarrow
16:00 Horse Collar
21:34 Castle Age
21:26 Town Watch
23:36 Gold Mining
25:47 Heavy Plow
27:06 Bloodlines
29:32 Hand Cart
34:03 Imperial Age
32:25 Capped Ram
35:11 Conscription
35:35 Elite Steppe Lancer
38:14 Scale Barding Armor
38:20 Forging
40:04 Crop Rotation
44:29 Chain Barding Armor
44:45 Iron Casting
44:51 Caravan
44:55 Siege Ram
50:59 Blast Furnace
50:35 Plate Barding Armor
52:05 Light Cavalry
53:00 Cuman Mercenaries
53:28 Hussar
61:21 Murder Holes
63:35 Hoardings
71:00 Town Patrol
grug
11:43 Feudal Age
18:18 Castle Age
23:21 Fletching
24:50 Horse Collar
25:00 Double-Bit Axe
31:49 Imperial Age
30:19 Padded Archer Armor
30:44 Gold Mining
30:45 Stone Mining
30:47 Crossbowman
31:28 Bodkin Arrow
34:42 Scale Barding Armor
36:54 Bracer
39:11 Wheelbarrow
40:14 Forging
40:29 Elite Elephant Archer
42:48 Bow Saw
42:57 Hand Cart
43:44 Leather Archer Armor
45:07 Two-Man Saw
44:30 Chain Barding Armor
45:23 Chemistry
44:41 Thumb Ring
45:00 Conscription
46:26 Iron Casting
46:30 Scale Mail Armor
46:36 Husbandry
48:04 Ring Archer Armor
49:06 Ballistics
50:19 Town Watch
57:24 Chain Mail Armor
58:10 Blast Furnace
59:05 Heavy Plow
59:07 Town Patrol
61:45 Elite Skirmisher
66:39 Elite Urumi Swordsman
Connection lost

Rejoining the realm…

Still unreachable

The connection could not be restored.

Session expired

The server has moved on; the page needs a fresh start.